 Dungeon Crawl Stone Soup version 0.18.1-48-g4cf74bf (webtiles) character file.

81 tyranidshit the Grave Robber (level 4, 0/39 HPs)
             Began as a Deep Dwarf Necromancer on Sept 4, 2016.
             Slain by an orc
             ... wielding a +0 war axe
              (7 damage)
             ... on level 3 of the Dungeon.
             The game lasted 00:06:23 (1581 turns).

tyranidshit the Grave Robber (DDNe)                 Turns: 1581, Time: 00:06:24

Health: 0/39       AC:  3    Str: 12    XL:     4   Next: 20%
Magic:  6/6        EV: 13    Int: 16    God:
Gold:   147        SH:  0    Dex: 16    Spells: 1 memorised, 5 levels left

rFire  . . .     SeeInvis .     h - +1 dagger (holy)
rCold  . . .     Gourm    .     a - +0 robe
rNeg   . . .     Faith    .     (no shield)
rPois  .         Spirit   .     i - +0 helmet
rElec  .         Dismiss  .     (no cloak)
rCorr  .         Reflect  .     (no gloves)
SustAt .         Harm     .     (no boots)
MR     .....                    (no amulet)
Stlth  ++........               q - +3 ring of dexterity
                                s - ring of flight

@: non-regenerating, not resistant to hostile enchantments, unstealthy
A: damage resistance, recharge devices, sense surroundings 1, slow regeneration
3
a: Device Recharging, Evoke Flight


You were on level 3 of the Dungeon.
You were not hungry.

You visited 1 branch of the dungeon, and saw 3 of its levels.

You collected 147 gold pieces.

Inventory:

Hand Weapons
 e - a +0 club
 g - a +0 whip
 h - a +1 dagger of holy wrath (weapon)
 p - a +0 trident
Missiles
 m - 6 poisoned needles
Armour
 a - a +0 robe (worn)
 i - a +0 helmet (worn)
Jewellery
 q - a +3 ring of dexterity (right hand)
 s - a ring of flight (left hand)
Wands
 c - a wand of heal wounds (1/9)
Scrolls
 f - a scroll of teleportation
 n - a scroll of remove curse
Potions
 d - a potion of agility
 j - a potion of curing
 k - a potion of flight
Books
 b - a book of Necromancy

   Spells                             Type                      Level
   a - Pain                           Necromancy                   1
   b - Animate Skeleton               Necromancy                   1
   c - Vampiric Draining              Necromancy                   3
   d - Regeneration                   Charms/Necromancy            3
   e - Animate Dead                   Necromancy                   4
   f - Control Undead                 Necromancy                   4
Comestibles
 l - a slice of pizza
 o - 2 bread rations
 r - 3 fruits


   Skills:
 + Level 2.2 Fighting
 + Level 1.2 Short Blades
 - Level 2.1 Dodging
 - Level 2.5 Stealth
 - Level 1.9 Spellcasting
 - Level 4.7 Necromancy
 + Level 1.3 Evocations


You had 5 spell levels left.
You knew the following spells:

 Your Spells              Type           Power        Failure   Level  Hunger
a - Pain                  Necr           ###.         3%          1    #......


Dungeon Overview and Level Annotations

Branches:
Dungeon (3/15)

Altars:
Dithmenos
Xom


Innate Abilities, Weirdness & Mutations

You are resistant to damage.
You can recharge devices by infusing magical energy.
You passively map a small area around you.
You do not regenerate naturally.


Message History

There are no items here.
Put on which piece of jewellery? (? for menu, Esc to quit)
You feel agile.
q - a +3 ring of dexterity (right hand)
You now have 147 gold pieces (gained 11).
There are no items here.
Found a glowing mace.
An orc comes into view. It is wielding a war axe.
The orc shouts!
You hit the rat.
The rat is heavily wounded.
The orc moves out of view.
The rat misses you.
You hit the rat.
You kill the rat!
You barely miss the orc. The orc hits you with a war axe!
* * * LOW HITPOINT WARNING * * *
You hit the orc but do no damage. The orc barely misses you.
You hit the orc but do no damage. You closely miss the orc.
The orc hits you with a war axe!
You die...

................
#....#.#.###.#####
#....# #.# #.#
#.)#.#,#.# #.#
#...., #.# #.#
#...####.###.#####
#.>...............
#o#.######.....###
#@# #.....### #.#
#.......# #.# , ,
+<......#
#.########.......#
#............#...#
##############...#
#...# #...# #####


You could see an orc.

Vanquished Creatures
  2 adders
  3 oozes
  2 worms
  An orc (D:3)
  6 bats
  3 giant cockroaches
  5 goblins
  5 hobgoblins
  2 quokkas (D:3)
  A ball python (D:2)
  5 giant newts
  7 kobolds
  5 rats
47 creatures vanquished.

Notes
Turn   | Place    | Note
--------------------------------------------------------------
     0 | D:1      | tyranidshit the Deep Dwarf Necromancer began the quest for the Orb.
     0 | D:1      | Reached XP level 1. HP: 15/15 MP: 3/3
   134 | D:1      | Reached XP level 2. HP: 14/22 MP: 4/4
   249 | D:1      | Reached skill level 1 in Fighting
   720 | D:2      | Reached XP level 3. HP: 24/31 MP: 1/5
   769 | D:2      | Found a shadowy altar of Dithmenos.
  1066 | D:2      | Reached skill level 1 in Short Blades
  1203 | D:2      | Found a shimmering altar of Xom.
  1469 | D:3      | Reached skill level 1 in Evocations
  1494 | D:3      | Reached XP level 4. HP: 30/39 MP: 0/6
  1581 | D:3      | Slain by an orc

Skill      XL: |  1  2  3 |
---------------+----------+-----
Fighting       | 1 2 |  2.2
Short Blades   | 1 |  1.2
Evocations     | 1 |  1.3
Dodging        | |  2.1
Stealth        | |  2.5
Spellcasting   | |  1.9
Necromancy     | |  4.7

Action                   |  1- 3 |  4- 6 || total
-------------------------+-------+-------++-------
Melee: Whip              |     7 |       ||     7
       Club              |     5 |       ||     5
       Dagger            |   228 |    29 ||   257
 Cast: Pain              |    28 |     2 ||    30
Evoke: Wand              |     4 |       ||     4
  Use: Scroll            |     5 |       ||     5
       Potion            |     1 |       ||     1
 Stab: Sleeping          |     3 |       ||     3
  Eat: Bread ration      |     1 |       ||     1
Armor: Robe              |    47 |     1 ||    48
Dodge: Dodged            |   176 |    10 ||   186
